[Event "Early-Titled-Tuesday-Blitz-July-09-2024"]
[Site "Chess.com"]
[Date "2024.07.09"]
[Round "10"]
[White "BlackBoarder"]
[Black "2Coaches1Profile"]
[Result "1-0"]
[WhiteElo "2742"]
[BlackElo "2598"]
[TimeControl "180+1"]
[EndTime "9:55:51 PDT"]
[Termination "BlackBoarder won by checkmate"]

1. d4 Nf6 2. Nc3 d6 3. e4 e5 4. Nf3 Nbd7 5. Bc4 Be7 6. O-O O-O 7. Re1 c6 8. a4 b6 9. h3 Rb8 10. Nh4 Nxe4 11. Nxe4 d5 12. Nf5 dxc4 13. Bh6 gxh6 14. Qg4+ Bg5 15. Nxh6+ Kg7 16. Nxg5 Kxh6 17. Qh4+ Kg6 18.
Qxh7+ Kxg5 19. dxe5 f5 20. h4+ Kg4 21. Qg6+ Kxh4 22. g3+ Kh3 23. Qh5+ Qh4 24. Qxh4# 1-0

[Event "Early-Titled-Tuesday-Blitz-July-09-2024"]
[Site "Chess.com"]
[Date "2024.07.09"]
[Round "10"]
[White "Zheenbekov86"]
[Black "ilovejokes555"]
[Result "1-0"]
[WhiteElo "2480"]
[BlackElo "2345"]
[TimeControl "180+1"]
[EndTime "9:55:51 PDT"]
[Termination "Zheenbekov86 won by resignation"]

1. e4 c5 2. Nf3 d6 3. Bb5+ Nd7 4. a4 a6 5. Bc4 e6 6. O-O Ngf6 7. Re1 Be7 8. c3 Ne5 9. Ba2 Nxf3+ 10. Qxf3 O-O 11.
d3 b5 12. Nd2 Bb7 13. Qe2 b4 14. cxb4 cxb4 15. Nc4 d5 16. exd5 Nxd5 17. Ne5 Bf6 18. Bc4 a5 19. h3 Rc8 20. Bd2 Qc7 21. Rac1 Qxe5 22. Qxe5 Bxe5 23. Rxe5 Rc7 24. b3 Rfc8 25. Rce1 h6 26. h4 Rc6 27. h5 Rd6 28. g4 Nf6 29.
g5 hxg5 30. Rxg5 Bd5 31. Bf4 Rd7 32. Be5 Kh7 33. Re3 Bxc4 34. dxc4 Ne8 35. Bg3 Ra8 36. Ree5 Rda7 37. Rb5 Nd6 38. Bxd6 1-0

[Event "Early-Titled-Tuesday-Blitz-July-09-2024"]
[Site "Chess.com"]
[Date "2024.07.09"]
[Round "10"]
[White "dropstoneDP"]
[Black "Seochesspie"]
[Result "1/2-1/2"]
[WhiteElo "3036"]
[BlackElo "2905"]
[TimeControl "180+1"]
[EndTime "9:55:54 PDT"]
[Termination "Game drawn by repetition"]

1. e4 c5 2. Nf3 Nc6 3. Bb5 g6 4. O-O Bg7 5. Re1 Nf6 6. Bxc6 dxc6 7. d3 Nd7 8. e5 Nf8 9. h3 Ne6 10. Nc3 b6 11. a4 O-O 12. Ne4 Nd4 13. Nxd4 cxd4 14.
Bf4 c5 15. Qd2 Qd5 16. Bh6 Qxe5 17. Ng3 Qd6 18. Re4 f6 19. Bxg7 Kxg7 20. Rae1 Rf7 21.
Rh4 Bd7 22. Qh6+ Kg8 23. Ne4 Qe5 24. f4 Qd5 25. b3 Bc6 26. Rg4 f5 27. Rg5 Qe6 28.
Rf1 fxe4 29. f5 Qf6 30. fxg6 Qxf1+ 31. Kh2 Qf4+ 32. Kh1 Qc1+ 33. Kh2 Qf4+ 34. Kh1 Qf1+ 35. Kh2 Qf4+ 1/2-1/2

[Event "Early-Titled-Tuesday-Blitz-July-09-2024"]
[Site "Chess.com"]
[Date "2024.07.09"]
[Round "10"]
[White "DFeco"]
[Black "Sasha_Solovev_777"]
[Result "1-0"]
[WhiteElo "2436"]
[BlackElo "2293"]
[TimeControl "180+1"]
[EndTime "9:55:56 PDT"]
[Termination "DFeco won on time"]

1. c4 Nf6 2. g3 g6 3. Bg2 Bg7 4. Nc3 O-O 5. e4 d6 6. Nge2 Nbd7 7.
O-O c6 8. d4 Nb6 9. b3 Qc7 10.
Bb2 e5 11. d5 Bg4 12. f3 Bd7 13. h3 Rfd8 14. Kh2 h5 15. f4 h4 16. fxe5 hxg3+ 17. Nxg3 dxe5 18. d6 Qc8 19. c5 Bh6 20. Bc1 Bxc1 21.
Rxc1 Bg4 22. hxg4 Nxg4+ 23. Kg1 Ne3 24. Qf3 Nxf1 25. Rxf1 Qe6 26. cxb6 Rxd6 27. bxa7 Rxa7 28. Rd1 Rxd1+ 29. Qxd1 b5 30. b4 Rd7 31. Qc2 Qc4 32. a3 c5 33. Nge2 cxb4 34. axb4 Qxb4 35. Nd5 Qe1+ 36. Kh2 Qh4+ 37. Bh3 Qf2+ 38. Bg2 Qh4+ 39. Kg1 Qe1+ 40. Bf1 Ra7 41. Qc8+ Kg7 42. Qb8 Ra1 43.
Qxe5+ 1-0

[Event "Early-Titled-Tuesday-Blitz-July-09-2024"]
[Site "Chess.com"]
[Date "2024.07.09"]
[Round "10"]
[White "Gryffindorac8"]
[Black "SujanaLohani"]
[Result "1-0"]
[WhiteElo "2499"]
[BlackElo "2365"]
[TimeControl "180+1"]
[EndTime "9:55:57 PDT"]
[Termination "Gryffindorac8 won by checkmate"]

1. d4 Nf6 2. c4 g6 3. Nc3 d5 4. cxd5 Nxd5 5. e4 Nxc3 6. bxc3 Bg7 7. Bc4 c5 8. Ne2 O-O 9. O-O Nc6 10. Be3 b6 11. Rc1 Qc7 12. Qd2 Bb7 13. h4 Rad8 14. h5 e5 15. d5 Na5 16. Bd3 f5 17. Bg5 Rd6 18. c4 f4 19. h6 Bf6 20. Bxf6 Rfxf6 21. Nc3 a6 22. Be2 g5 23. Nd1 Rxh6 24. Bg4 Bc8 25.
Bxc8 Qxc8 26. f3 g4 27. fxg4 Qxg4 28. Rf3 Rdg6 29. Qf2 Qh5 30. Kf1 Qg4 31. Kg1 Rh3 32. Rcc3 Rgh6 33. Rxh3 Rxh3 34. Rxh3 Qxd1+ 35. Kh2 Nxc4 36. Qh4 Ne3 37. Qxh7+ Kf8 38. Qh8+ Ke7 39. Rh7+ Kd6 40.
Qd8# 1-0

[Event "Early-Titled-Tuesday-Blitz-July-09-2024"]
[Site "Chess.com"]
[Date "2024.07.09"]
[Round "10"]
[White "MdChess1734"]
[Black "Os55555"]
[Result "1-0"]
[WhiteElo "2426"]
[BlackElo "2312"]
[TimeControl "180+1"]
[EndTime "9:55:59 PDT"]
[Termination "MdChess1734 won by resignation"]

1. e4 d5 2. exd5 Qxd5 3. Nc3 Qa5 4. Bc4 Nf6 5. d3 c6 6. Bd2 Qc7 7. Qe2 Bf5 8. f3 e6 9. g4 Bg6 10. O-O-O Nbd7 11. f4 O-O-O 12. Qf3 h5 13. g5 Ng4 14.
h3 Bc5 15. hxg4 hxg4 16. Qg2 Nb6 17. Bb3 Rxh1 18. Qxh1 Bd6 19. Nge2 Nd5 20. Rf1 Kb8 21. Ne4 Be7 22. a3 c5 23. Bxd5 exd5 24. N4g3 c4 25. d4 Bd3 26. cxd3 cxd3+ 27. Nc3 b5 28. Kb1 b4 29.
axb4 Bxb4 30. Rc1 Qa5 31. Qd1 Qb6 32. Qb3 Ka8 33. Nxd5 1-0

[Event "Early-Titled-Tuesday-Blitz-July-09-2024"]
[Site "Chess.com"]
[Date "2024.07.09"]
[Round "10"]
[White "CristianS27"]
[Black "tylityli"]
[Result "0-1"]
[WhiteElo "2487"]
[BlackElo "2406"]
[TimeControl "180+1"]
[EndTime "9:56:00 PDT"]
[Termination "tylityli won by resignation"]

1. e4 e5 2. Nf3 Nc6 3. Bc4 Nf6 4. d4 exd4 5. Ng5 d5 6. exd5 Ne5 7. Qxd4 Nxc4 8. Qxc4 h6 9. Ne4 Nxd5 10. Kf1 Ne3+ 11. fxe3 Qd1+ 12. Kf2 Qxh1 13. Nbc3 c6 14. Ng3 Qxh2 15.
Bd2 Be6 16. Qf4 O-O-O 17. Nce4 f5 18. Rh1 Qxh1 19. Nxh1 fxe4 20. Bc3 Bd5 21. Be5 Be7 22. Qg4+ Rd7 23. Ng3 Rf8+ 24. Ke1 g5 25. Nf5 Be6 26. Nd6+ Rxd6 27. Qxe6+ Rxe6 0-1

[Event "Early-Titled-Tuesday-Blitz-July-09-2024"]
[Site "Chess.com"]
[Date "2024.07.09"]
[Round "10"]
[White "Ginger_GM"]
[Black "mwpchess"]
[Result "0-1"]
[WhiteElo "2607"]
[BlackElo "2759"]
[TimeControl "180+1"]
[EndTime "9:56:03 PDT"]
[Termination "mwpchess won by resignation"]

1. d4 Nf6 2. c4 e6 3. Nf3 d5 4. Nc3 Bb4 5. Bg5 dxc4 6. e3 b5 7. Ne5 Bb7 8. Be2 a6 9. Bf3 Bxf3 10. Qxf3 Qd5 11. Qf4 Bxc3+ 12. bxc3 Nbd7 13. Nxd7 Nxd7 14. e4 Qd6 15. Qh4 f6 16. Bf4 e5 17. dxe5 Nxe5 18. O-O O-O 19. Rad1 Qe7 20. Qg3 Nd3 21. Bxc7 Qxe4 22.
h4 Qg6 23. Qf3 h5 24. Bb6 Rae8 25. Bd4 Re4 26. g3 Rfe8 27. Kg2 Qg4 28. a4 Qxf3+ 29. Kxf3 Ne1+ 30. Rfxe1 Rxe1 31. Rd2 Rb1 32. axb5 axb5 33. Kf4 b4 34. cxb4 Rxb4 35. Kf5 Kf7 36. Bc3 Rb5+ 37. Kf4 Rb3 38. Bd4 Rd3 0-1

[Event "Early-Titled-Tuesday-Blitz-July-09-2024"]
[Site "Chess.com"]
[Date "2024.07.09"]
[Round "10"]
[White "oykuince"]
[Black "Tagir45"]
[Result "1/2-1/2"]
[WhiteElo "2189"]
[BlackElo "2612"]
[TimeControl "180+1"]
[EndTime "9:56:03 PDT"]
[Termination "Game drawn by repetition"]

1. e4 a6 2. d4 b5 3. a4 Bb7 4.
Nd2 b4 5. c4 bxc3 6. bxc3 e6 7.
Bd3 Nf6 8. Ngf3 c5 9. O-O Be7 10. e5 Nd5 11. Ne4 O-O 12. Qe2 cxd4 13. cxd4 Nc6 14.
Bg5 Nxd4 15. Nxd4 Bxg5 16. g3 Be7 17. Rab1 Nb4 18. Rxb4 Bxb4 19. Nf6+ gxf6 20. Bxh7+ Kxh7 21. Qh5+ Kg7 22. Qg4+ Kh7 23. Qh5+ Kg7 24. Qg4+ Kh7 25. Qh5+ 1/2-1/2

[Event "Early-Titled-Tuesday-Blitz-July-09-2024"]
[Site "Chess.com"]
[Date "2024.07.09"]
[Round "10"]
[White "KubaGepard"]
[Black "Rosh1610"]
[Result "0-1"]
[WhiteElo "2634"]
[BlackElo "2502"]
[TimeControl "180+1"]
[EndTime "9:56:05 PDT"]
[Termination "Rosh1610 won by resignation"]

1. e4 c5 2. Nf3 d6 3. d4 cxd4 4. Nxd4 Nf6 5. Nc3 a6 6. Be3 e5 7.
Nf3 Be7 8. Bc4 O-O 9. O-O Nc6 10. Re1 Na5 11. Bf1 Be6 12. Nd5 Bxd5 13. exd5 Rc8 14. b3 b5 15. h3 Ne4 16. Bd2 f5 17. a4 Nb7 18. axb5 axb5 19. Bxb5 Qb6 20. Bc6 Qxf2+ 21. Kh1 Qg3 22. Be3 Nbc5 23. Ra7 Bg5 24. Nxg5 Nxg5 25. Bxc5 dxc5 26. Rf1 f4 27. Qg4 Qxg4 28. hxg4 e4 29. Re1 e3 30. Bd7 Rcd8 31. c4 Rf7 32. Be6 Nxe6 33.
Rxf7 Kxf7 34. dxe6+ Kxe6 35. g3 g5 36. Kg2 Rd2+ 37.
Kh3 Ke5 38. gxf4+ gxf4 39. g5 Ke4 40. Kg4 Rg2+ 41. Kh3 f3 42. Kh4 f2 43. Rh1 Rg1 0-1

[Event "Early-Titled-Tuesday-Blitz-July-09-2024"]
[Site "Chess.com"]
[Date "2024.07.09"]
[Round "10"]
[White "gau248"]
[Black "IMVadim"]
[Result "0-1"]
[WhiteElo "2606"]
[BlackElo "2466"]
[TimeControl "180+1"]
[EndTime "9:56:05 PDT"]
[Termination "IMVadim won on time"]

1. e4 c5 2. Nf3 d6 3. d4 cxd4 4. Nxd4 Nf6 5. Nc3 a6 6. Be3 e5 7. Nf3 Be7 8. h3 O-O 9. Qd2 b5 10. a3 Bb7 11. Bd3 Nbd7 12. Nd5 Bxd5 13. exd5 Nxd5 14.
Be4 Nxe3 15. Bxa8 Nxg2+ 16. Kf1 Qxa8 17. Kxg2 e4 18. Rhe1 exf3+ 19. Kh1 Ne5 20. Rad1 Qc6 21. c3 Qc4 22. Qd4 Qxd4 23. cxd4 Ng6 24. Re3 Bf6 25.
Rxf3 Rc8 26. Rc3 Rxc3 27. bxc3 d5 28. a4 bxa4 29. Ra1 Bd8 30. Rxa4 a5 31. Ra3 Kf8 32.
Rb3 Ke8 33. Rb5 Nf4 34. Rb7 Ne6 35. Kg2 Bc7 36. Kf3 Kd7 37. Ra7 Ng5+ 38. Ke3 Nxh3 39. Ra8 Ng5 40. Rg8 Ne6 41. Rh8 h6 42. Ra8 h5 43.
Kd3 h4 44. c4 dxc4+ 45. Kxc4 h3 46. d5 Nd8 47. d6 Kxd6 0-1

[Event "Early-Titled-Tuesday-Blitz-July-09-2024"]
[Site "Chess.com"]
[Date "2024.07.09"]
[Round "10"]
[White "Payyappat"]
[Black "yesilikeorangejuice"]
[Result "0-1"]
[WhiteElo "2408"]
[BlackElo "2523"]
[TimeControl "180+1"]
[EndTime "9:56:11 PDT"]
[Termination "yesilikeorangejuice won on time"]

1. e4 e6 2. d4 d5 3. Nc3 Nf6 4. Bg5 Be7 5. e5 Nfd7 6. Bxe7 Qxe7 7. h4 a6 8. f4 c5 9. Nf3 Nc6 10. Qd2 b5 11. dxc5 Qxc5 12. O-O-O b4 13. Ne2 a5 14.
Ned4 Ba6 15. Nxc6 Qxc6 16. f5 a4 17. fxe6 fxe6 18. Nd4 Qb6 19. Qg5 O-O 20. h5 h6 21.
Qe7 Nxe5 22. Qxe6+ Qxe6 23. Nxe6 Rxf1 24. Rhxf1 Bxf1 25. Rxf1 b3 26. a3 Rc8 27. c3 Nd3+ 28. Kb1 Re8 29.
Nd4 Re5 30. g4 Re4 31. Rg1 Rf4 32. Rd1 Rf2 33. Ka1 Nxb2 0-1

[Event "Early-Titled-Tuesday-Blitz-July-09-2024"]
[Site "Chess.com"]
[Date "2024.07.09"]
[Round "10"]
[White "kuchma777"]
[Black "Timerkhanov"]
[Result "1-0"]
[WhiteElo "2516"]
[BlackElo "2659"]
[TimeControl "180+1"]
[EndTime "9:56:13 PDT"]
[Termination "kuchma777 won by resignation"]

1. e4 c5 2. Nf3 a6 3. c3 d5 4.
exd5 Qxd5 5. d4 Nf6 6. Be3 cxd4 7. cxd4 e6 8. Nc3 Qd6 9. Bd3 Nc6 10. O-O Be7 11.
a3 b5 12. Rc1 Bb7 13. Ne4 Nxe4 14. Bxe4 Na5 15. Bxb7 Nxb7 16. Ne5 O-O 17. Qf3 Na5 18.
Bd2 Nc4 19. Nxc4 bxc4 20. Bb4 Qd7 21. Bxe7 Qxe7 22. Rxc4 Rab8 23. Qc3 h6 24. b4 Rfd8 25. Rc6 Qa7 26. Qc5 Qb7 27. Rc1 Rd5 28. Qc4 Rbd8 29.
Qxa6 Rxd4 30. g3 Rd1+ 31. Rxd1 Rxd1+ 32. Kg2 Qd7 33. Qc8+ Qxc8 34. Rxc8+ Kh7 35. b5 Rb1 36. a4 Rb4 37. Ra8 Kg6 38. Ra6 Kf6 39. b6 Ke5 40. a5 g5 41. Ra7 f5 42. b7 Kd6 43.
a6 Kc7 44. Ra8 1-0

[Event "Early-Titled-Tuesday-Blitz-July-09-2024"]
[Site "Chess.com"]
[Date "2024.07.09"]
[Round "10"]
[White "Kotofeyca"]
[Black "AsaHoffmann"]
[Result "1-0"]
[WhiteElo "2511"]
[BlackElo "2397"]
[TimeControl "180+1"]
[EndTime "9:56:13 PDT"]
[Termination "Kotofeyca won by checkmate"]

1. d4 Nf6 2. c4 c5 3. Nf3 cxd4 4. Nxd4 e5 5. Nb5 d5 6. cxd5 Bb4+ 7. Bd2 Bc5 8. d6 Ne4 9. e3 Nxd6 10. Bc3 Nc6 11. Qd5 Nxb5 12. Qxc5 Nxc3 13. Nxc3 Qe7 14. Qxe7+ Kxe7 15. Nd5+ Kf8 16. Bb5 Bd7 17. O-O-O Rd8 18.
a3 g6 19. Nb4 Ke7 20. Bxc6 Bxc6 21. Nxc6+ bxc6 22. Kc2 Rd5 23. e4 Rd6 24. Rxd6 Kxd6 25. Rd1+ Kc7 26. Rd3 a5 27. Rf3 Rf8 28. Rf6 Kb6 29.
Kc3 Kc5 30. h4 h5 31. g3 Kb5 32. f3 Kc5 33. b3 Kb5 34. f4 exf4 35. gxf4 Re8 36.
Kd4 Re7 37. e5 c5+ 38. Kc3 Rd7 39. a4# 1-0

[Event "Early-Titled-Tuesday-Blitz-July-09-2024"]
[Site "Chess.com"]
[Date "2024.07.09"]
[Round "10"]
[White "aanshnerurkar"]
[Black "Vaporwaffle94"]
[Result "1-0"]
[WhiteElo "2456"]
[BlackElo "2262"]
[TimeControl "180+1"]
[EndTime "9:56:13 PDT"]
[Termination "aanshnerurkar won by checkmate"]

1. e4 e6 2. d4 d5 3. Nd2 dxe4 4. Nxe4 Bd7 5. Nf3 Bc6 6. Bd3 Nd7 7. O-O Ngf6 8. Nxf6+ Qxf6 9. Be2 Bxf3 10. Bxf3 c6 11. c3 Bd6 12. a4 O-O 13. a5 a6 14.
Qb3 Rab8 15. Qc4 e5 16. Be3 exd4 17. Qxd4 Ne5 18. Be2 Rbd8 19. Qb6 Qe7 20. Rfd1 Bb8 21. Bc5 Bd6 22. Rxd6 Rxd6 23. Bxd6 Qxd6 24. Qxb7 Rb8 25.
Qxa6 Rxb2 26. Qc8+ Qf8 27. Qxf8+ Kxf8 28. a6 Nd7 29. a7 Nb6 30. Bf3 Ke7 31. Bxc6 Rc2 32. a8=Q Nxa8 33. Bxa8 Rxc3 34. g3 Rc7 35. Kg2 h5 36. h4 g6 37. Be4 Kf6 38. Ra6+ Kg7 39. Kf3 Rc3+ 40. Kf4 Rc7 41. Bd5 Rc5 42. Ke4 Rc7 43.
f4 Re7+ 44. Kf3 Rc7 45. f5 gxf5 46. Kf4 Rc3 47. Ra7 Kh6 48. Bxf7 Rd3 49. Be6 Rd4+ 50. Kxf5 Rg4 51. Ra3 Rb4 52. Ke5 Rb5+ 53. Kf4 Rb4+ 54. Kf3 Rb2 55. Bf5 Kg7 56. Bd3 Kf6 57. Kf4 Rb4+ 58.
Be4 Rb6 59. Ra5 Re6 60. Rxh5 Kg7 61. Rg5+ Kh6 62. Rg6+ Kh5 63. Rg5+ Kh6 64. Rg6+ Kh5 65. g4+ Kxh4 66. Rxe6 Kh3 67. Rh6# 1-0

[Event "Early-Titled-Tuesday-Blitz-July-09-2024"]
[Site "Chess.com"]
[Date "2024.07.09"]
[Round "10"]
[White "Aragon"]
[Black "stepanosinovsky"]
[Result "1-0"]
[WhiteElo "2193"]
[BlackElo "2330"]
[TimeControl "180+1"]
[EndTime "9:56:13 PDT"]
[Termination "Aragon won on time"]

1. e4 e5 2. Nf3 Nc6 3. Nc3 Nf6 4. Be2 Be7 5. d4 exd4 6. Nxd4 Nxd4 7. Qxd4 O-O 8. e5 Ne8 9. Bf4 d6 10.
exd6 Nxd6 11. O-O-O Bf5 12. Nd5 Re8 13. g4 Bg6 14. Bf3 Bg5 15. h4 Bxf4+ 16. Qxf4 Rc8 17. h5 Be4 18. h6 Bxf3 19. Qxf3 Qg5+ 20. Kb1 c6 21.
Rh5 Qg6 22. Nf4 Qe4 23. Qg3 Qd4 24. Rhh1 Qb4 25. a3 Qc5 26. Rh5 Re5 27. Nd3 Ne4 28.
Qxe5 Qxe5 29. Rxe5 Nf6 30. g5 1-0

[Event "Early-Titled-Tuesday-Blitz-July-09-2024"]
[Site "Chess.com"]
[Date "2024.07.09"]
[Round "10"]
[White "MagnusCarlsen"]
[Black "Prizant_academy"]
[Result "1-0"]
[WhiteElo "3194"]
[BlackElo "3037"]
[TimeControl "180+1"]
[EndTime "9:56:14 PDT"]
[Termination "MagnusCarlsen won on time"]

1. e4 c5 2. Nf3 d6 3. Bc4 Nf6 4. d3 Nc6 5. O-O Bg4 6. h3 Bh5 7.
Nbd2 e6 8. Re1 d5 9. Bb5 Qc7 10. Nf1 O-O-O 11. Bxc6 Qxc6 12. e5 Nd7 13. Ng3 Bg6 14.
Nh4 Be7 15. Nxg6 hxg6 16. Qg4 Rh4 17. Qe2 Kb8 18. Nf1 g5 19. Nh2 Rdh8 20. Bd2 a6 21.
c4 Nb6 22. b3 Nd7 23. Rac1 d4 24. Rb1 b6 25. b4 cxb4 26. Bxb4 Bxb4 27. Rxb4 Ka7 28.
Reb1 Qc5 29. Nf3 Rf4 30. Nxg5 Re8 31. Qb2 Rb8 32. Ne4 Qxe5 33. c5 bxc5 34. Rb7+ Ka8 35.
Qa3 Rxb7 36. Qxa6+ Ra7 37. Qc6+ 1-0

[Event "Early-Titled-Tuesday-Blitz-July-09-2024"]
[Site "Chess.com"]
[Date "2024.07.09"]
[Round "10"]
[White "David_Arutinian"]
[Black "Sam_ChessMood"]
[Result "1-0"]
[WhiteElo "2854"]
[BlackElo "2930"]
[TimeControl "180+1"]
[EndTime "9:56:15 PDT"]
[Termination "David_Arutinian won by resignation"]

1. Nf3 d5 2. e3 Nf6 3. c4 e6 4. b3 Bd6 5. Bb2 O-O 6. Nc3 c5 7. cxd5 exd5 8. d4 cxd4 9. Nxd4 Nc6 10. Be2 Qe7 11. O-O Rd8 12. Nf3 Bg4 13. Nb5 Bb8 14. h3 Bh5 15. Re1 Ne4 16. Rc1 a6 17.
Nbd4 Nxd4 18. Qxd4 f6 19. Qd3 Bg6 20. Qd1 Bf7 21. Bd3 Bd6 22. Nd4 Bg6 23. Be2 Kh8 24. Bg4 Be5 25. Re2 h5 26. Bf5 Bf7 27. h4 Nd6 28. Bh3 Bg6 29. Rd2 Ne4 30. Rdc2 Qf7 31. Ne6 Rd6 32. Rc7 Bxb2 33. Rxf7 Bxf7 34. Rc7 Bxe6 35.
Bxe6 Rxe6 36. Qxh5+ Kg8 37. Qf7+ 1-0

[Event "Early-Titled-Tuesday-Blitz-July-09-2024"]
[Site "Chess.com"]
[Date "2024.07.09"]
[Round "10"]
[White "BobbyFischer1508"]
[Black "ansko1999"]
[Result "1-0"]
[WhiteElo "2474"]
[BlackElo "2615"]
[TimeControl "180+1"]
[EndTime "9:56:15 PDT"]
[Termination "BobbyFischer1508 won by checkmate"]

1. b3 b6 2. Bb2 Bb7 3. Nf3 Nf6 4. g3 g6 5. Bg2 Bg7 6. O-O O-O 7. d3 c5 8. Nbd2 d5 9. e3 Nc6 10. a3 Qc7 11. c4 Rad8 12. Qc2 e5 13. cxd5 Nxd5 14. Rfd1 Rfe8 15. Rac1 h6 16. Nc4 Qe7 17. Qb1 Ba8 18. Ba1 Kh7 19. Ne1 f5 20. Nc2 Bf6 21. e4 Nc7 22. b4 fxe4 23. Bxe4 Nd4 24. Nxd4 Bxe4 25. dxe4 cxd4 26. b5 Bg5 27. Rc2 Rf8 28. Rd3 Ne6 29.
Nxe5 Nc5 30. Rxd4 Rxd4 31. Bxd4 Nxe4 32. Re2 Nd2 33. Qxg6+ Kh8 34. Nf7# 1-0

[Event "Early-Titled-Tuesday-Blitz-July-09-2024"]
[Site "Chess.com"]
[Date "2024.07.09"]
[Round "10"]
[White "Massakru"]
[Black "FrenchPlayer2203"]
[Result "1-0"]
[WhiteElo "2382"]
[BlackElo "2278"]
[TimeControl "180+1"]
[EndTime "9:56:15 PDT"]
[Termination "Massakru won on time"]

1. e4 e6 2. d4 d5 3. Nc3 Nf6 4. e5 Nfd7 5. f4 c5 6. Nf3 Nc6 7. Be3 cxd4 8. Nxd4 Qb6 9. a3 Nxd4 10. Bxd4 Bc5 11.
Na4 Qa5+ 12. c3 Bxd4 13. Qxd4 b6 14. Qb4 Qxb4 15. axb4 O-O 16. Bb5 f6 17. exf6 Nxf6 18. O-O Bd7 19. Bxd7 Nxd7 20. Rae1 Rf6 21. g3 Rc8 22.
Ra1 Rc7 23. Rfe1 Kf7 24. Re3 Ke7 25. Kg2 Kd6 26. b3 b5 27. Nb2 Nb6 28. Ra5 Kc6 29. Nd3 Nd7 30. Ra6+ Nb6 31. Nc5 Re7 32. Re5 g6 33. Kf3 h5 34. h3 1-0

[Event "Early-Titled-Tuesday-Blitz-July-09-2024"]
[Site "Chess.com"]
[Date "2024.07.09"]
[Round "10"]
[White "AA95"]
[Black "Chessdude1987"]
[Result "1-0"]
[WhiteElo "2522"]
[BlackElo "2345"]
[TimeControl "180+1"]
[EndTime "9:56:17 PDT"]
[Termination "AA95 won on time"]

1. Nf3 e6 2. g3 f5 3. Bg2 Nf6 4. O-O Be7 5. d4 O-O 6. c4 d6 7.
Nc3 Ne4 8. Bd2 a5 9. Ne1 Nxd2 10. Qxd2 c6 11. d5 e5 12. dxc6 bxc6 13. c5 e4 14. cxd6 Qxd6 15. Rd1 Qe6 16. Nc2 Bb7 17. f3 e3 18. Qd4 f4 19. gxf4 Na6 20. Ne4 Rxf4 21.
Qxe3 Qf7 22. Rd7 Rf5 23. Rxb7 Re8 24. Qb3 Nb4 25. Qxf7+ Rxf7 26. a3 Nxc2 27. Rc1 Ne3 28. Rxc6 Nxg2 29. Kxg2 Bh4 30. Rxf7 Kxf7 31. Nd6+ Ke7 32.
Nxe8 Kxe8 33. Ra6 1-0

[Event "Early-Titled-Tuesday-Blitz-July-09-2024"]
[Site "Chess.com"]
[Date "2024.07.09"]
[Round "10"]
[White "kadirsoria"]
[Black "WilsonPalencia21"]
[Result "0-1"]
[WhiteElo "2225"]
[BlackElo "2574"]
[TimeControl "180+1"]
[EndTime "9:56:17 PDT"]
[Termination "WilsonPalencia21 won on time"]

1. e4 c5 2. Nf3 d6 3. d4 cxd4 4. Nxd4 Nf6 5. Nc3 g6 6. Be3 Bg7 7. f3 O-O 8. Qd2 Nc6 9. Bc4 Ne5 10. Bb3 Bd7 11. h4 h5 12. O-O-O Rc8 13. Bg5 Rc5 14. Kb1 Re8 15. Bh6 Bh8 16. g4 Qa5 17. gxh5 Nxh5 18. Rhg1 Kh7 19. Bg5 e6 20. f4 Nc4 21. Bxc4 Rxc4 22.
Nb3 Qc7 23. Qxd6 Qxd6 24. Rxd6 Bc6 25. Na5 Rxc3 26. bxc3 Bxe4 27. Rd7 Kg8 28. Rd8 Rxd8 29. Bxd8 Nxf4 30. Bg5 Ne2 31. Re1 Nxc3+ 32. Kc1 Nxa2+ 33. Kd1 Nc3+ 34. Kd2 Bd5 0-1

[Event "Early-Titled-Tuesday-Blitz-July-09-2024"]
[Site "Chess.com"]
[Date "2024.07.09"]
[Round "10"]
[White "SuperPower2011"]
[Black "sergoy"]
[Result "0-1"]
[WhiteElo "2722"]
[BlackElo "2936"]
[TimeControl "180+1"]
[EndTime "9:56:19 PDT"]
[Termination "sergoy won on time"]

1. b3 e5 2. Bb2 Nc6 3. c4 Nf6 4.
e3 d5 5. cxd5 Nxd5 6. Nc3 Ndb4 7. Qb1 f5 8. a3 Nd5 9. b4 Nxc3 10. dxc3 Bd6 11. Bc4 Qg5 12. g3 Qe7 13. Qa2 Bd7 14. Nf3 O-O-O 15. O-O-O Kb8 16. Qb3 g5 17. Bd5 e4 18. Bxc6 Bxc6 19. Nd4 Bd7 20. c4 f4 21. c5 Be5 22. Qd5 fxe3 23. fxe3 Ba4 24. Qxe5 Qxe5 25. Nc6+ bxc6 26. Rxd8+ Rxd8 27. Bxe5 Rd3 28. Rf1 Rxa3 29.
Rf8+ Kb7 30. Rf7 Rxe3 31. Rxc7+ Ka6 32. Rc8 Kb5 33. Rb8+ Kc4 34. Kd2 Rd3+ 35. Ke2 Bd1+ 36. Ke1 Bf3 37. b5 e3 0-1

[Event "Early-Titled-Tuesday-Blitz-July-09-2024"]
[Site "Chess.com"]
[Date "2024.07.09"]
[Round "10"]
[White "kuzol"]
[Black "Ditman2007"]
[Result "0-1"]
[WhiteElo "2507"]
[BlackElo "2697"]
[TimeControl "180+1"]
[EndTime "9:56:20 PDT"]
[Termination "Ditman2007 won by resignation"]

1. d4 Nf6 2. Nc3 c5 3. d5 g6 4.
e4 d6 5. h4 Bg7 6. Be2 h5 7. Nf3 a6 8. a4 O-O 9. Ng5 e5 10. dxe6 fxe6 11. e5 dxe5 12. Qxd8 Rxd8 13. Bc4 Nd5 14. Nxe6 Bxe6 15. Bg5 Nc6 16. Bxd8 Rxd8 17.
Rd1 Ncb4 18. O-O Bf6 19. Ne4 Be7 20. c3 Nc6 21. Rd2 Kf7 22. Rfd1 Nf4 23. Rxd8 Nxd8 24. Bxe6+ Kxe6 25. g3 Nd5 26. c4 Nb4 27. Nxc5+ Bxc5 28. Rxd8 Bd4 29. Kg2 Nc6 30. Rg8 Kf5 31. Rg7 b6 32.
Rc7 Nb4 33. b3 Nd3 34. Rd7 Nc5 35. Rd6 Nxb3 36. f3 Nd2 37. Rc6 a5 38. g4+ hxg4 39.
fxg4+ Kxg4 40. Rxg6+ Kxh4 41. Rc6 Kg4 42. Rg6+ Kf5 43.
Rg8 Ke4 44. Rc8 Kd3 0-1

[Event "Early-Titled-Tuesday-Blitz-July-09-2024"]
[Site "Chess.com"]
[Date "2024.07.09"]
[Round "10"]
[White "Happy1712Drummer"]
[Black "mapleaff"]
[Result "0-1"]
[WhiteElo "2433"]
[BlackElo "2362"]
[TimeControl "180+1"]
[EndTime "9:56:20 PDT"]
[Termination "mapleaff won by resignation"]

1. e4 c5 2. b3 Nf6 3. Nc3 Nc6 4. Bb5 Nd4 5. Bd3 e6 6. Bb2 Be7 7. Nge2 O-O 8. O-O d5 9. e5 Nxe2+ 10. Nxe2 Nd7 11. f4 Qb6 12. Kh1 f5 13. exf6 Bxf6 14. Bxf6 Nxf6 15. Ng3 Bd7 16. c4 Rae8 17. Qc2 Qd6 18. Rae1 Kh8 19. Rf3 b6 20. Ref1 Bc6 21. Ne2 dxc4 22. Bxc4 Bxf3 23. Rxf3 e5 24. fxe5 Qxe5 25.
Rh3 Qa1+ 26. Ng1 Re1 0-1

[Event "Early-Titled-Tuesday-Blitz-July-09-2024"]
[Site "Chess.com"]
[Date "2024.07.09"]
[Round "10"]
[White "vladjianu"]
[Black "Alex_Sahakyan2006"]
[Result "1-0"]
[WhiteElo "2622"]
[BlackElo "2730"]
[TimeControl "180+1"]
[EndTime "9:56:22 PDT"]
[Termination "vladjianu won by resignation"]

1. d4 Nf6 2. c4 g6 3. Nc3 Bg7 4. e4 d6 5. h3 O-O 6. Be3 c5 7.
d5 e6 8. Bd3 Re8 9. Nf3 b5 10.
Nxb5 exd5 11. exd5 Ne4 12. Bxe4 Rxe4 13. Qb3 Qa5+ 14. Nd2 Nd7 15. O-O Rh4 16. Nf3 Rh5 17.
Nxd6 Ba6 18. a4 Rb8 19. Nb5 Qd8 20. Qc2 Ne5 21. Nxe5 Bxe5 22. Rad1 Qd7 23. Bxc5 Rc8 24. Bd4 Bb8 25. Qd3 Bb7 26. b3 a6 27. Nc3 Qd6 28. f4 Qd7 29. Ne4 Rf5 30. Ba1 Qd8 31. Qd4 f6 32. g4 Rxf4 33. Rxf4 Bxf4 34. Nxf6+ Qxf6 35. Qxf6 Be3+ 36. Kg2 1-0

[Event "Early-Titled-Tuesday-Blitz-July-09-2024"]
[Site "Chess.com"]
[Date "2024.07.09"]
[Round "10"]
[White "Boudicca64"]
[Black "boguszp"]
[Result "0-1"]
[WhiteElo "1927"]
[BlackElo "1955"]
[TimeControl "180+1"]
[EndTime "9:56:22 PDT"]
[Termination "boguszp won by resignation"]

1. e4 c6 2. d4 d5 3. e5 c5 4. dxc5 Nc6 5. Bb5 e6 6. Be3 Bd7 7. Bxc6 bxc6 8. Nf3 Qa5+ 9. c3 Bxc5 10. b4 Bxb4 11.
cxb4 Qxb4+ 12. Qd2 Qb5 13. Nc3 Qa6 14. Bc5 Ne7 15.
Qe2 Qa5 16. Qe3 Nf5 17. Qd2 Qxc5 18. O-O O-O 19. Rac1 Qa5 20. g4 Ne7 21. Qf4 Ng6 22. Qg5 Qd8 23. Qe3 c5 24. Qxc5 Nh4 25. Nd4 Qg5 26. f3 Rfc8 27. Qd6 Qe3+ 28. Kh1 Qxd4 29.
Ne2 Rxc1 30. Rxc1 Qe3 31. Qxd7 Qxf3+ 0-1